 Dungeon Crawl Stone Soup version 0.23.0 (webtiles) character file.

Game seed: 1757264404695886124

29022 night the Grappler (level 13, 0/98 HPs)
             Began as a Demonspawn Gladiator on Feb 10, 2019.
             Was a High Priest of Makhleb.
             Slain by a sixfirhy (11 damage)
             ... summoned by an orc high priest
             ... on level 1 of the Orcish Mines.
             The game lasted 01:06:39 (19641 turns).

night the Grappler (Demonspawn Gladiator)          Turns: 19641, Time: 01:06:40

Health: 0/98       AC: 14    Str: 23    XL:     13   Next: 12%
Magic:  0/21       EV: 12    Int: 11    God:    Makhleb [*****.]
Gold:   1110       SH:  0    Dex: 15    Spells: 10/12 levels left

rFire    + . .     SeeInvis .     - Unarmed
rCold    . . .     Gourm    .   T - +0 shield
rNeg     . . .     Faith    .   a - +1 fire dragon scales
rPois    .         Spirit   +   (helmet restricted)
rElec    .         Reflect  +   (no cloak)
rCorr    .         Harm     .   D - +1 pair of gloves
MR       .....                  o - +0 pair of boots
Stlth    ..........             W - +5 amulet of reflection
HPRegen  0.26/turn              V - +5 ring of strength
MPRegen  0.17/turn              S - ring of ice

@: confused
A: antennae 2, claws 1, spiny 3, magic shield
a: Minor Destruction, Lesser Servant of Makhleb, Major Destruction, Greater
Servant of Makhleb, Renounce Religion


You were on level 1 of the Orcish Mines.
You worshipped Makhleb.
Makhleb was extremely pleased with you.
You were not hungry.

You visited 4 branches of the dungeon, and saw 18 of its levels.
You also visited: Ossuary and Volcano.

You collected 1110 gold pieces.

Inventory:

Hand Weapons
 b - a +1 hunting sling
Missiles
 c - 3 throwing nets
 i - 88 poisoned needles
 j - 364 stones
 t - 102 bolts
 v - 18 javelins (quivered)
 z - 73 sling bullets
 A - 3 needles of confusion
 M - 2 javelins of returning
 P - 2 tomahawks
Armour
 a - +1 fire dragon scales (worn)
 o - a +0 pair of boots (worn)
 D - a +1 pair of gloves (worn)
 T - a +0 shield (worn)
Jewellery
 h - a +3 ring of dexterity
 O - the amulet of Xom's Flight of Fancy {Acrobat +Inv rElec Str+3 Slay-4}
   (You found it on level 8 of the Dungeon)

   [amulet of the acrobat]

   It helps you evade while moving and waiting.
   It affects your strength (+3).
   It affects your accuracy and damage with ranged weapons and melee attacks
   (-4).
   It insulates you from electricity.
   It lets you turn invisible.
 Q - an uncursed amulet of the acrobat
 R - an uncursed ring of see invisible
 S - a ring of ice (right hand)
 V - a +5 ring of strength (left hand)
 W - a +5 amulet of reflection (around neck)
Wands
 E - a wand of iceblast (6)
 I - a wand of acid (23)
 K - a wand of scattershot (3)
 L - a wand of digging (3)
 N - a wand of random effects (20)
Scrolls
 n - 8 scrolls of remove curse
 r - 18 scrolls of identify
 s - a scroll of blinking
 x - 4 scrolls of amnesia
 y - a scroll of fog {unknown}
 G - 3 scrolls of teleportation
 J - 2 scrolls of magic mapping
Potions
 e - 7 potions of lignification
 f - 8 potions of curing
 g - 4 potions of agility
 k - 3 potions of haste
 l - 4 potions of brilliance {unknown}
 m - 4 potions of heal wounds
 p - 3 potions of flight
 q - a potion of ambrosia {unknown}
 u - a potion of magic {unknown}
 w - 4 potions of berserk rage
 C - 3 potions of mutation {unknown}
 F - 5 potions of might
 X - a potion of degeneration {unknown}
 Y - a potion of resistance {unknown}
Comestibles
 d - 29 rations
 B - 6 chunks of flesh


   Skills:
 + Level 7.7 Fighting
 - Level 1.1(1.6) Slings
 - Level 1.7(2.0) Throwing
 + Level 5.3 Armour
 + Level 6.0 Dodging
 + Level 7.8 Shields
 + Level 13.7 Unarmed Combat
 - Level 2.0 Hexes
 - Level 2.0 Summonings
 + Level 10.9 Invocations


You had 10 spell levels left.
You knew the following spells:

 Your Spells              Type           Power        Failure   Level  Hunger
a - Confusing Touch       Hex            #.....       75%         1    ##.....
b - Summon Butterflies    Summ           #.......     75%         1    ##.....

Your spell library contained the following spells:

 Spells                   Type           Power        Failure   Level  Hunger
 Summon Small Mammal      Summ           #...         75%         1    ##.....
 Animate Skeleton         Necr           N/A          95%         1    ##.....
 Apportation              Tloc           #.....       95%         1    ##.....
 Infusion                 Chrm           #...         95%         1    ##.....
 Sandblast                Erth           #.....       95%         1    ##.....
 Passwall                 Tmut/Erth      #.......     98%         2    ###....
 Shroud of Golubria       Chrm/Tloc      #.........   98%         2    ###....
 Song of Slaying          Chrm           #.......     98%         2    ###....
 Call Canine Familiar     Summ           #.......     98%         3    ####...
 Spectral Weapon          Hex/Chrm       #.......     99%         3    ####...
 Regeneration             Chrm/Necr      #.........   100%        3    ####...
 Stone Arrow              Conj/Erth      #.....       100%        3    ####...
 Petrify                  Tmut/Erth      #.......     100%        4    #####..
 Summon Ice Beast         Ice/Summ       #.......     100%        4    #####..
 Lee's Rapid Deconstruct  Erth           #.........   100%        5    ######.
 Summon Mana Viper        Hex/Summ       #.......     100%        5    ######.
 Summon Hydra             Summ           #.........   100%        7    #######


Dungeon Overview and Level Annotations

Branches:
Dungeon (11/15)            Temple (1/1) D:6            Lair (5/6) D:11
  Swamp (0/4) Lair:3       Spider (0/4) Lair:3        Slime (0/5) Lair:5
    Orc (1/2) D:9

Altars:
Ashenzari
Cheibriados
Dithmenos
Elyvilon
Fedhas
Gozag
Hepliaklqana
Kikubaaqudgha
Makhleb
Nemelex Xobeh
Okawaru
Qazlal
Ru
Sif Muna
Trog
Uskayaw
Vehumet
Wu Jian
Xom
Yredelemnul
Zin
The Shining One
Jiyva

Shops:
D:4 :

Annotations:
Lair:2 2 transporters, Macopt's ghost, journeyman OpHu
Lair:4 exclusion: oklob plant
Orc:1 Maurice


Innate Abilities, Weirdness & Mutations

You have a pair of antennae on your head.
You have sharp fingernails.
You are completely covered in sharp spines.
When hurt, damage is shared between your health and your magic reserves.


Message History

You closely miss the orc warrior.
The sixfirhy hits you but does no damage.
The orc warrior hits you but does no damage.
Something hits you but does no damage.
The orc knight roars a battlecry!
An orc warrior comes into view. It is wielding a +0 battleaxe.
The orc hits you with a cursed -3 hand axe.
* * * LOW HITPOINT WARNING * * *
The orc warrior shouts!
The sixfirhy is struck by your spines.
The sixfirhy hits you but does no damage.
The sixfirhy is struck by your spines.
The sixfirhy hits you but does no damage.
The sixfirhy closely misses you.
The orc warrior is struck by your spines.
The orc warrior hits you but does no damage.
The sixfirhy is struck by your spines. The sixfirhy hits you.
* * * LOW HITPOINT WARNING * * *
The sixfirhy shocks you!
You die...

#......##. ####
.......... #.#.#
#.........
..$..##......$..
....#.........
...#....$... ..
..........##....
#......o@h..$...
....C.33oo......
...$..{oo#......
......o.o.......
......o.3.......
......o$.....#..
....#...........
.......o.......
#..##..........


You could see an orc knight, a soul eater, an orc high priest, a cyclops, a
sixfirhy, a smoke demon, a warg, 5 orc warriors, an orc wizard and 2 orcs.

Vanquished Creatures
  5 hydras
  5 two-headed ogres (Volcano)
  An ogre mage (Volcano)
  A hell knight (Volcano)
  An unseen horror (D:10)
  2 ugly things (D:11)
  5 spiny frogs
  A molten gargoyle (Lair:5)
  A rime drake (Lair:2)
  2 komodo dragons (Lair:1)
  A harpy skeleton (D:11)
  3 bog bodies (Lair:3)
  3 hippogriffs
  6 blink frogs
  Grinder (D:4)
  3 redbacks (Lair:3)
  A wyvern (Lair:4)
  20 yaks
  A basilisk (D:11)
  A steam dragon (D:8)
  A warg (D:9)
  A swamp worm (Lair:3)
  10 water moccasins
  11 porcupines
  A hornet zombie (D:7)
  4 orc warriors
  2 sky beasts
  2 ice beasts
  An eye of draining (D:11)
  A phantom (D:9)
  6 ogres
  7 centaurs
  6 wolves (Lair:4)
  11 crocodiles
  A big kobold (D:8)
  5 elf zombies (Ossuary)
  12 bullfrogs
  2 gnoll sergeants
  A scorpion (D:8)
  12 killer bees
  4 electric eels
  10 wights
  2 howler monkeys
  5 crimson imps
  4 centaur zombies
  2 lava snakes (Lair:5)
  A bullfrog zombie (D:10)
  5 human zombies (Ossuary)
  5 orc priests
  A jelly (D:6)
  2 bullfrog skeletons
  5 iguanas
  16 orc wizards
  6 worker ants
  2 hound zombies
  3 mummies (Ossuary)
  A worker ant zombie (D:6)
  10 gnolls
  5 adders
  A shadow imp (D:5)
  An ooze (D:3)
  An adder zombie (D:9)
  A worm (D:2)
  5 dart slugs
  7 leopard geckos
  61 orcs
  4 bats
  8 giant cockroaches
  3 hobgoblins
  8 jackals
  8 kobolds
  4 quokkas
  3 frilled lizards
  A giant cockroach zombie (D:6)
  5 goblins
  A jackal skeleton (D:4)
  A quokka skeleton (D:10)
  8 rats
  A fungus (Lair:5)
382 creatures vanquished.

Vanquished Creatures (collateral kills)
  A hydra (Lair:4)
  4 yaks (D:11)
  A hungry ghost (D:11)
6 creatures vanquished.

Vanquished Creatures (others)
  An orc wizard (D:4)
  4 fungi
  10 plants
15 creatures vanquished.

Grand Total: 403 creatures vanquished

Notes
Turn   | Place    | Note
-------+----------+-------------------------------------------
     0 | D:1      | night the Demonspawn Gladiator began the quest for the Orb.
     0 | D:1      | Reached XP level 1. HP: 16/16 MP: 1/1
   151 | D:1      | Reached skill level 3 in Unarmed Combat
   184 | D:1      | Gained mutation: You are partially covered in sharp spines.
                  | [demonic ancestry]
   184 | D:1      | Reached XP level 2. HP: 13/22 MP: 2/2
  1023 | D:1      | Gained mutation: You are mostly covered in sharp spines.
                  | [demonic ancestry]
  1023 | D:1      | Reached XP level 3. HP: 27/27 MP: 3/3
  1187 | D:2      | Reached skill level 4 in Unarmed Combat
  1727 | D:2      | Reached XP level 4. HP: 33/33 MP: 4/4
  2262 | D:3      | Reached skill level 5 in Unarmed Combat
  2407 | D:3      | Noticed a centaur
  2420 | D:3      | HP: 1/33 [centaur (7)]
  2424 | D:3      | Killed a centaur
  2424 | D:3      | Gained mutation: You have a pair of small antennae on your
                  | head. [demonic ancestry]
  2424 | D:3      | Reached XP level 5. HP: 9/38 MP: 5/5
  3189 | D:4      | Reached skill level 6 in Unarmed Combat
  3497 | D:4      | Gained mutation: You are completely covered in sharp
                  | spines. [demonic ancestry]
  3497 | D:4      | Reached XP level 6. HP: 41/44 MP: 6/6
  3519 | D:4      | Reached skill level 1 in Slings
  3905 | D:4      | Noticed Grinder
  3908 | D:4      | Paralysed by Grinder for 5 turns
  3937 | D:4      | Killed Grinder
  3937 | D:4      | Reached skill level 1 in Shields
  3937 | D:4      | Reached XP level 7. HP: 10/50 MP: 7/7
  4371 | D:4      | Found Zat Uffoguith's Book Shop.
  4379 | D:4      | Learned a level 1 spell: Confusing Touch
  4763 | D:5      | Entered Level 5 of the Dungeon
  4948 | D:5      | Reached skill level 7 in Unarmed Combat
  5478 | D:5      | Found a glowing silver altar of Zin.
  5851 | D:5      | Reached skill level 8 in Unarmed Combat
  6293 | D:6      | Reached XP level 8. HP: 51/56 MP: 8/8
  6375 | D:6      | Found a sand-covered staircase.
  6384 | Ossuary  | Entered an ossuary
  6433 | Ossuary  | Reached skill level 9 in Unarmed Combat
  6697 | Ossuary  | Reached skill level 10 in Unarmed Combat
  6901 | D:6      | Got a slimy leather armour
  6912 | D:6      | Identified the cursed +1 leather armour of Conscience
                  | {*Slow rPois rC+} (You found it on level 6 of the Dungeon)
  6969 | D:6      | Reached XP level 9. HP: 58/61 MP: 9/9
  6995 | D:6      | Found a staircase to the Ecumenical Temple.
  7024 | Temple   | Entered the Ecumenical Temple
  7166 | Temple   | Became a worshipper of Makhleb the Destroyer
  7266 | D:6      | Found a sacrificial altar of Ru.
  7290 | D:6      | Found a deep blue altar of Sif Muna.
  7328 | D:6      | Found an ancient bone altar of Kikubaaqudgha.
  7403 | D:7      | Reached skill level 1 in Invocations
  8005 | D:7      | Found a stormy altar of Qazlal.
  8005 | D:7      | Found a sparkling altar of Nemelex Xobeh.
  8066 | D:6      | Found a blossoming altar of Fedhas.
  8593 | D:8      | Reached skill level 11 in Unarmed Combat
  8847 | D:8      | Learned a level 1 spell: Summon Butterflies
  8867 | D:8      | Reached * piety under Makhleb
  8878 | D:8      | Found a bloodstained altar of Trog.
  8903 | D:8      | Reached skill level 5 in Invocations
  9101 | D:8      | Reached skill level 1 in Hexes
  9101 | D:8      | Reached skill level 1 in Summonings
  9115 | D:8      | Got a glittering golden amulet
  9117 | D:8      | Identified the amulet of Xom's Flight of Fancy {Acrobat
                  | +Inv rElec Str+3 Slay-4} (You found it on level 8 of the
                  | Dungeon)
  9526 | D:8      | Gained mutation: When hurt, damage is shared between your
                  | health and your magic reserves. [demonic ancestry]
  9526 | D:8      | Reached XP level 10. HP: 67/67 MP: 14/14
 10077 | D:9      | Reached ** piety under Makhleb
 10113 | D:9      | Found a staircase to the Orcish Mines.
 10223 | D:9      | Reached skill level 1 in Armour
 10482 | D:10     | Entered Level 10 of the Dungeon
 10837 | D:10     | Killed an unseen horror
 10943 | D:10     | Reached skill level 12 in Unarmed Combat
 11069 | D:10     | Reached *** piety under Makhleb
 11557 | D:11     | Noticed a purple ugly thing
 11584 | D:11     | Killed a purple ugly thing
 11584 | D:11     | Reached skill level 5 in Shields
 11647 | D:11     | Noticed a green ugly thing
 11666 | D:11     | Gained mutation: You have a pair of antennae on your head.
                  | [demonic ancestry]
 11666 | D:11     | Reached XP level 11. HP: 41/78 MP: 8/16
 11676 | D:11     | Killed a green ugly thing
 11852 | D:11     | Found a staircase to the Lair.
 12163 | D:11     | Noticed an eight-headed hydra
 12180 | D:11     | Killed an eight-headed hydra
 12180 | D:11     | Reached skill level 5 in Fighting
 12594 | Lair:1   | Entered Level 1 of the Lair of Beasts
 13302 | Lair:1   | Found the +7 great mace "Firestarter" {inner flame, rF++}
 13760 | Lair:1   | Reached **** piety under Makhleb
 13805 | Lair:1   | Reached skill level 13 in Unarmed Combat
 14058 | Lair:2   | Noticed a six-headed hydra
 14065 | Lair:2   | Killed a six-headed hydra
 14073 | Lair:2   | Identified the +8 spear "Duhuff" {freeze, +Rage Str+3 Int-3
                  | SInv}
 14073 | Lair:2   | Noticed a spriggan rider
 14147 | Lair:2   | Found a transporter.
 14151 | Lair:2   | Found a transporter.
 14151 | Lair:2   | Noticed Macopt's ghost (journeyman OpHu)
 14154 | Lair:2   | Identified the +7 spear of Sunlight {antimagic, *Contam
                  | rElec rC+ Dex+4}
 14154 | Lair:2   | Noticed a spriggan rider
 14162 | Lair:2   | Found a bloodstained altar of Trog.
 14740 | Lair:3   | Found a dark tunnel.
 14749 | Volcano  | Entered a volcano
 14770 | Volcano  | Noticed a two-headed ogre
 14781 | Volcano  | Killed a two-headed ogre
 14833 | Volcano  | Noticed a hell knight
 14847 | Volcano  | Killed a hell knight
 14847 | Volcano  | Gained mutation: You have sharp fingernails. [demonic
                  | ancestry]
 14847 | Volcano  | Reached XP level 12. HP: 73/88 MP: 10/18
 14847 | Volcano  | Noticed a two-headed ogre
 14853 | Volcano  | Noticed a two-headed ogre
 14861 | Volcano  | Killed a two-headed ogre
 14866 | Volcano  | Killed a two-headed ogre
 14992 | Volcano  | Noticed a two-headed ogre
 14992 | Volcano  | Noticed a two-headed ogre
 14995 | Volcano  | Noticed an ogre mage
 15002 | Volcano  | Killed a two-headed ogre
 15009 | Volcano  | Killed a two-headed ogre
 15023 | Volcano  | Killed an ogre mage
 15119 | Lair:3   | Noticed a four-headed hydra
 15128 | Lair:3   | Killed a four-headed hydra
 15357 | Lair:3   | Noticed a five-headed hydra
 15363 | Lair:3   | Killed a five-headed hydra
 15363 | Lair:3   | Reached skill level 5 in Dodging
 15401 | Lair:3   | Reached skill level 10 in Invocations
 15549 | Lair:3   | Found a staircase to the Swamp.
 16350 | Lair:3   | Found a hole to the Spider Nest.
 16396 | Lair:3   | HP: 4/91 [poisoned by a redback]
 16402 | Lair:3   | HP: 3/91 [poisoned by a redback]
 16408 | Lair:3   | HP: 2/91 [poisoned by a redback]
 16416 | Lair:3   | HP: 2/91 [poisoned by a redback]
 17471 | Lair:4   | Noticed a five-headed hydra
 17510 | Lair:5   | Reached skill level 5 in Armour
 17935 | Lair:4   | Noticed an eight-headed hydra
 17942 | Lair:4   | Killed an eight-headed hydra
 17950 | Lair:4   | Reached ***** piety under Makhleb
 18197 | Lair:4   | Reached XP level 13. HP: 96/96 MP: 19/21
 18848 | Lair:5   | Found a viscous altar of Jiyva.
 18848 | Lair:5   | Found a staircase to the Slime Pits.
 19608 | Orc:1    | Entered Level 1 of the Orcish Mines
 19608 | Orc:1    | Noticed Maurice
 19641 | Orc:1    | Slain by a sixfirhy

Skill      XL: |  1  2  3  4  5  6  7  8  9 10 11 12 13 |
---------------+----------------------------------------+-----
Unarmed Combat | 3 4 5 6 8 10 11 12 13 | 13.7
Slings         | 1 |  1.1
Shields        | 1 3 4 5 6 7 |  7.8
Invocations    | 5 7 9 10 | 10.9
Hexes          | 2 |  2.0
Summonings     | 2 |  2.0
Dodging        | 3 4 5 6 |  6.0
Armour         | 1 3 5 |  5.3
Fighting       | 4 6 7 |  7.7
Throwing       | |  1.7

Action                   |  1- 3 |  4- 6 |  7- 9 | 10-12 | 13-15 || total
-------------------------+-------+-------+-------+-------+-------++-------
Melee: Unarmed           |    91 |   118 |   390 |   763 |    71 ||  1433
       Punch             |     3 |     2 |       |       |       ||     5
 Fire: Hunting sling     |       |     2 |       |     3 |       ||     5
Throw: Throwing net      |       |     2 |       |       |       ||     2
       Javelin           |       |       |     4 |     2 |       ||     6
Invok: Minor Destruction |       |       |       |    20 |       ||    20
       Lesser Servant of |       |       |       |     4 |     1 ||     5
       Major Destruction |       |       |       |     8 |     3 ||    11
Evoke: Wand              |       |       |     3 |     3 |       ||     6
  Use: Potion            |       |     2 |     2 |     3 |     1 ||     8
       Scroll            |       |       |    12 |     7 |       ||    19
 Stab: Sleeping          |     2 |       |       |       |       ||     2
  Eat: Chunk             |     3 |     6 |    18 |    18 |     1 ||    46
       Ration            |       |       |       |     3 |     1 ||     4
Armor: Leather armour    |    14 |     9 |       |       |       ||    23
       Scale mail        |       |    18 |    71 |   111 |       ||   200
       Fire dragon scale |       |       |       |    30 |    18 ||    48
Dodge: Dodged            |    52 |    46 |   102 |   196 |    27 ||   423
Block: Buckler           |       |       |    50 |    24 |       ||    74
       Shield            |       |       |       |   292 |    47 ||   339
       Reflection        |       |       |       |       |     2 ||     2
